 Dungeon Crawl Stone Soup version 0.19.4-25-g1b72edd (webtiles) character file.

2367 Kosschaser the Grappler (level 9, -5/84 HPs)
             Began as a Troll Monk on Feb 28, 2017.
             Was a Priest of Nemelex Xobeh.
             Killed from afar by a deep elf mage (24 damage)
             ... with a bolt of lightning
             ... on level 7 of the Dungeon on Mar 1, 2017.
             The game lasted 00:22:52 (5801 turns).

Kosschaser the Grappler (Troll Monk)                Turns: 5801, Time: 00:22:52

Health: -5/84      AC:  7    Str: 24    XL:     9   Next: 21%
Magic:  8/8        EV: 11    Int:  6    God:    Nemelex Xobeh [***...]
Gold:   278        SH:  0    Dex: 12    Spells: 0 memorised, 8 levels left

rFire  + . .     SeeInvis .       - Unarmed
rCold  . . .     Gourm    +     N - +2 robe {rF+}
rNeg   . . .     Faith    .     (no shield)
rPois  .         Spirit   .     (helmet restricted)
rElec  .         Reflect  .     (no cloak)
rCorr  .         Harm     .     (gloves unavailable)
MR     .....                    (boots unavailable)
Stlth  +.........               c - amulet of regeneration
                                (no ring)
                                J - ring of loudness (curse)

@: drained
A: unfitting armour, claws 3, fast metabolism 3, gourmand, regeneration 1,
shaggy fur 1, tough skin 2
a: Triple Draw, Renounce Religion


You were on level 7 of the Dungeon.
You worshipped Nemelex Xobeh.
Nemelex Xobeh was most pleased with you.
You were completely stuffed.

You visited 2 branches of the dungeon, and saw 8 of its levels.
You also visited: Ossuary and Bailey.

You collected 278 gold pieces.

Inventory:

Missiles
 G - 5 large rocks (quivered)
Armour
 p - +0 steam dragon scales
 N - a +2 robe of fire resistance (worn)
Jewellery
 c - an amulet of regeneration (around neck)
 J - a cursed ring of loudness (left claw)
Wands
 r - a wand of acid (11/15)
 y - a wand of paralysis (11/24)
 E - a wand of random effects (37/48)
 M - a wand of polymorph (3/24)
 O - a wand of digging (17/24)
Scrolls
 e - 4 scrolls of magic mapping
 g - a scroll of amnesia
 k - a scroll of enchant armour
 l - 3 scrolls of recharging
 t - 3 scrolls of teleportation
Potions
 d - 4 potions of curing
 h - a potion of agility {unknown}
 i - a potion of lignification {unknown}
 j - 4 potions of might
 m - 3 potions of degeneration {unknown}
 o - 2 potions of haste {unknown}
 s - 3 potions of flight {unknown}
 w - 5 potions of heal wounds {unknown}
 D - a potion of invisibility {unknown}
 F - a potion of cure mutation {unknown}
 H - 2 potions of ambrosia {unknown}
 K - a potion of brilliance {unknown}
Books
 a - a book of Flames

   Spells                             Type                      Level
   a - Flame Tongue                   Conjuration/Fire             1
   b - Throw Flame                    Conjuration/Fire             2
   c - Conjure Flame                  Conjuration/Fire             3
   d - Inner Flame                    Hexes/Fire                   3
   e - Sticky Flame                   Conjuration/Fire             4
   f - Fireball                       Conjuration/Fire             5
Miscellaneous
 n - a plain deck of destruction
 A - a plain deck of destruction {drawn: 2}
 B - a plain deck of destruction
 C - a plain deck of summoning
 I - a plain deck of escape
Comestibles
 b - 4 bread rations
 f - 3 meat rations
 q - 2 royal jellies
 u - a slice of pizza
 x - 8 fruits


   Skills:
 + Level 4.2(3.5) Fighting
 + Level 5.0(4.3) Dodging
 + Level 3.0(2.4) Stealth
 + Level 9.7(8.9) Unarmed Combat
 + Level 0.3(0.0) Invocations


You had 8 spell levels left.
You didn't know any spells.

Dungeon Overview and Level Annotations

Branches:
Dungeon (7/15)             Temple (1/1) D:5

Altars:
Cheibriados
Dithmenos
Elyvilon
Fedhas
Gozag
Hepliaklqana
Kikubaaqudgha
Nemelex Xobeh
Qazlal
Ru
Sif Muna
Trog
Uskayaw
Vehumet
Xom
Yredelemnul
Zin

Shops:
D:5 [


Innate Abilities, Weirdness & Mutations

You are too large for most types of armour.
You have claws for hands.
Your metabolism is lightning-fast.
You like to eat raw meat.
Your natural rate of healing is unusually fast.
You are covered in fur. (AC +1)
You have very tough skin. (AC +2)


Message History

The deep elf mage blinks!
The deep elf mage hits you with a long sword.
* * * LOW HITPOINT WARNING * * *
The deep elf mage hits you but does no damage.
The deep elf mage barely misses you.
Your air elemental closely misses the deep elf mage.
Welcome back to the Dungeon!
Your summoned ally is left behind.
The ice beast disappears in a puff of smoke!
There is an empty arch of ancient stone here.
You feel better.
The deep elf mage hits you with a long sword.
* * * LOW HITPOINT WARNING * * *
The deep elf mage casts a spell.
The deep elf mage mumbles some strange words.
The deep elf mage blinks!
You see here a halberd.
The deep elf mage casts a spell at you. The bolt of lightning hits you!
You die...
Your body glows slightly and disappears.

...(......#+###..... ...#
........#.........# ...#
..................####.##
####.............>......#
####.....#..............#
.........+..............#
##########..............#
.................ยง4.....#
##########......@)e)....#
#........e...###
#...e.......##
#############


You could see a hellwing and 3 deep elf magi.

Vanquished Creatures
  A deep elf mage (Bailey)
  A wraith (Ossuary)
  A steam dragon (D:7)
  The ghost of Eitelfritz the Conjurer, an amateur DrCj (Ossuary)
  Duvessa (D:6)
  3 ogres
  Blork the orc (D:6)
  A bullfrog (D:6)
  3 elf zombies (Ossuary)
  3 scorpions
  A crimson imp (D:6)
  2 hounds
  A jelly (D:5)
  An iguana (D:5)
  Natasha (twice) (D:2)
  An orc wizard (D:5)
  3 worker ants
  4 mummies
  Robin (D:2)
  4 gnolls (D:3)
  12 adders
  A shadow imp (D:5)
  2 adder skeletons
  A worm (D:6)
  3 dart slugs
  2 leopard geckos
  5 orcs
  7 bats
  4 giant cockroaches
  2 gnoll zombies (Ossuary)
  18 goblins
  6 hobgoblins
  20 jackals
  2 quokkas
  A frilled lizard (D:3)
  A goblin zombie (Ossuary)
  5 hobgoblin zombies
  7 kobolds
  3 kobold zombies
  A leopard gecko skeleton (D:6)
  A quokka skeleton (D:6)
  4 rats
  A plant (D:2)
145 creatures vanquished.

Vanquished Creatures (collateral kills)
  An ogre (D:6)
  Dowan (D:6)
  An ooze (D:6)
3 creatures vanquished.

Vanquished Creatures (others)
  A hobgoblin zombie (Ossuary)
1 creature vanquished.

Grand Total: 149 creatures vanquished

Notes
Turn   | Place    | Note
-------+----------+-------------------------------------------
     0 | D:1      | Kosschaser the Troll Monk began the quest for the Orb.
     0 | D:1      | Reached XP level 1. HP: 22/22 MP: 0/0
    52 | D:1      | Reached XP level 2. HP: 27/29 MP: 1/1
   534 | D:2      | Reached XP level 3. HP: 24/36 MP: 2/2
   749 | D:2      | Found a white marble altar of Elyvilon.
   760 | D:2      | Noticed Natasha
   791 | D:2      | Killed Natasha
   791 | D:2      | Reached XP level 4. HP: 30/44 MP: 3/3
  1245 | D:2      | Found a shadowy altar of Dithmenos.
  1250 | D:2      | Reached skill level 4 in Unarmed Combat
  1503 | D:2      | Noticed Natasha
  1512 | D:2      | Killed Natasha
  1531 | D:2      | Noticed Robin
  1569 | D:2      | Reached XP level 5. HP: 20/52 MP: 4/4
  1580 | D:2      | Killed Robin
  1958 | D:3      | Found a deep blue altar of Sif Muna.
  2235 | D:3      | Found an ancient bone altar of Kikubaaqudgha.
  2236 | D:3      | Found a hazy altar of Hepliaklqana.
  2236 | D:3      | Found a sacrificial altar of Ru.
  2236 | D:3      | Found a radiant altar of Vehumet.
  2242 | D:3      | Found a bloodstained altar of Trog.
  2242 | D:3      | Found a basalt altar of Yredelemnul.
  2941 | D:4      | Noticed an ogre
  2950 | D:4      | Killed an ogre
  2950 | D:4      | Reached skill level 5 in Unarmed Combat
  2950 | D:4      | Reached XP level 6. HP: 56/61 MP: 5/5
  3484 | D:5      | Entered Level 5 of the Dungeon
  3591 | D:5      | Found Ybybli's Armour Boutique.
  3602 | D:5      | Reached XP level 7. HP: 41/67 MP: 6/6
  3605 | D:5      | Reached skill level 6 in Unarmed Combat
  3916 | D:5      | Found a staircase to the Ecumenical Temple.
  3922 | Temple   | Entered the Ecumenical Temple
  3994 | Temple   | Became a worshipper of Nemelex Xobeh the Trickster
  3994 | Temple   | Received a gift from Nemelex Xobeh
  3994 | Temple   | Reached * piety under Nemelex Xobeh
  3994 | Temple   | Received a gift from Nemelex Xobeh
  3994 | Temple   | Received a gift from Nemelex Xobeh
  3994 | Temple   | Reached ** piety under Nemelex Xobeh
  4258 | D:6      | Found a sparkling altar of Nemelex Xobeh.
  4258 | D:6      | Noticed Dowan
  4259 | D:6      | Noticed Duvessa
  4262 | D:6      | Killed Dowan
  4271 | D:6      | Killed Duvessa
  4271 | D:6      | Reached skill level 7 in Unarmed Combat
  4397 | D:6      | Found a sand-covered staircase.
  4405 | Ossuary  | Entered an ossuary
  4405 | Ossuary  | Noticed a wraith
  4405 | Ossuary  | Noticed a wraith
  4405 | Ossuary  | Noticed a wraith
  4483 | Ossuary  | Reached XP level 8. HP: 44/76 MP: 7/7
  4638 | Ossuary  | Received a gift from Nemelex Xobeh
  4650 | Ossuary  | Identified a scroll of acquirement
  4692 | Ossuary  | Noticed Eitelfritz's ghost (amateur DrCj)
  4712 | Ossuary  | Killed Eitelfritz's ghost
  4761 | Ossuary  | Reached skill level 8 in Unarmed Combat
  5257 | D:6      | Noticed Blork the orc
  5266 | D:6      | Killed Blork the orc
  5291 | D:6      | Reached skill level 9 in Unarmed Combat
  5467 | D:6      | Reached *** piety under Nemelex Xobeh
  5470 | D:6      | Received a gift from Nemelex Xobeh
  5689 | D:7      | Reached XP level 9. HP: 71/84 MP: 8/8
  5736 | D:7      | Found a flagged portal.
  5756 | Bailey   | Entered a bailey
  5764 | Bailey   | Noticed a deep elf mage
  5769 | Bailey   | Killed a deep elf mage
  5769 | Bailey   | Reached skill level 5 in Dodging
  5785 | Bailey   | Noticed a deep elf mage
  5786 | Bailey   | Noticed a deep elf mage
  5786 | Bailey   | Noticed a deep elf mage
  5786 | Bailey   | Noticed a deep elf mage
  5787 | Bailey   | Noticed a deep elf mage
  5787 | Bailey   | Noticed a deep elf mage
  5794 | Bailey   | HP: 4/84 [deep elf mage/bolt of negative energy (39)]
  5800 | D:7      | Noticed a hellwing
  5801 | D:7      | Killed from afar by a deep elf mage

Skill      XL: |  1  2  3  4  5  6  7  8  9 |
---------------+----------------------------+-----
Dodging        | 3 4 5 |  5.0
Unarmed Combat | 4 5 7 9 |  9.7
Fighting       | 3 4 |  4.2
Stealth        | 2 3 |  3.0
Invocations    | |  0.3

Action                   |  1- 3 |  4- 6 |  7- 9 || total
-------------------------+-------+-------+-------++-------
Melee: Unarmed           |    98 |   188 |   196 ||   482
       Punch             |     1 |     2 |     5 ||     8
Evoke: Deck              |       |       |     2 ||     2
  Use: Scroll            |       |       |    15 ||    15
       Potion            |       |       |     2 ||     2
 Stab: Sleeping          |     3 |     5 |     2 ||    10
       Distracted        |       |     2 |       ||     2
  Eat: Chunk             |     5 |    28 |    26 ||    59
Armor: Robe              |    57 |    64 |    36 ||   157
       Skin              |       |       |     1 ||     1
Dodge: Dodged            |    74 |   124 |   104 ||   302
